 Dungeon Crawl Stone Soup version 0.31-a0-435-g2c6fae2916 (webtiles) character file.

Game seed: 3038486978718936464

2424 bobarctor the Basher (level 10, -2/84 HPs)
             Began as a Meteoran Cinder Acolyte on Aug 1, 2023.
             Was an Initiate of Ignis.
             Slain by an orc warrior
             ... wielding a +0 halberd
              (10 damage)
             ... on level 7 of the Dungeon.
             The game lasted 00:43:08 (3733 turns).

bobarctor the Basher (Meteoran Cinder Acolyte)      Turns: 3733, Time: 00:43:09

Health: -2/84      AC: 21    Str: 15    XL:     10   Next: 5%
Magic:  13/15      EV: 11    Int: 17    God:    Ignis [......]
Gold:   254        SH:  0    Dex: 14    Spells: 8/15 levels left

rFire   + . .        t - +2 flail (drain)
rCold   + + .        (no shield)
rNeg    + + .        l - +5 scale mail of Raezaxas {rC++ rN++}
rPois   .            (no helmet)
rElec   .            C - +1 cloak
rCorr   .            (no gloves)
SInv    .            f - +2 pair of boots {rampage}
Will    +....        (no amulet) Stlth
                     s - +4 ring of protection
HPRegen 0.34/turn    x - ring of wizardry
MPRegen 0.14/turn

%: rampage, wizardry (x1)
@: glowing
A: sense surroundings 2, otherworldly, glowing, explore regen
a: Renounce Religion, Rising Flame


You were on level 7 of the Dungeon.
You worshipped Ignis.
Ignis was noncommittal.
You visited 2 branches of the dungeon, and saw 8 of its levels.

You collected 254 gold pieces.

Inventory:

Hand Weapons
 a - a -1 mace of flaming
 t - a +2 flail of draining (weapon)
Missiles
 n - 37 stones
Armour
 f - a +2 pair of boots of rampaging (worn)
 i - the +0 ring mail "Atai" {Harm Str+2}
   (You found it on level 3 of the Dungeon)

   Str:       It affects your strength (+2).
   Harm:      It increases damage dealt and taken.
 l - the +5 scale mail of Raezaxas (worn) {rC++ rN++}
   (You found it on level 3 of the Dungeon)

   rC:        It greatly protects you from cold.
   rN:        It greatly protects you from negative energy.
 u - a +8 chain mail of ponderousness
 z - +0 swamp dragon scales
 C - a +1 cloak (worn)
Jewellery
 s - a +4 ring of protection (left hand)
 x - a ring of wizardry (right hand)
Wands
 k - a wand of paralysis (12)
 p - a wand of flame (12)
 y - a wand of roots (15)
Scrolls
 d - 2 scrolls of fog
 h - a scroll of teleportation
 o - a scroll of noise {unknown}
 r - a scroll of immolation {unknown}
 w - 3 scrolls of identify {unknown}
Potions
 b - 3 potions of magic {unknown}
 c - 2 potions of brilliance {unknown}
 e - a potion of lignification {unknown}
 g - 2 potions of mutation {unknown}
 m - a potion of haste {unknown}
 q - a potion of might {unknown}
 B - 2 potions of curing {unknown}


   Skills:
 + Level 6.7 Fighting
 * Level 12.3 Maces & Flails
 + Level 3.3 Armour
 + Level 4.3 Dodging
 - Level 3.0 Spellcasting
 + Level 4.3 Translocations
 - Level 4.0 Fire Magic


You had 8 spell levels left.
You knew the following spells:

 Your Spells              Type           Power      Damage    Failure   Level
a - Scorch                Fire           32%        2d6       8%          2
b - Teleport Other        Tloc           17%        N/A       13%         3
c - Lesser Beckoning      Tloc           34%        N/A       6%          2

Your spell library contained the following spells:

 Spells                   Type           Power      Damage    Failure   Level
 Gell's Gravitas          Tloc           17%        N/A       13%         3
 Summon Small Mammal      Summ           8%         N/A       26%         1
 Cigotuvi's Dreadful Rot  Necr/Pois/Air  4%         N/A       34%         2
 Animate Armour           Summ/Erth      4%         N/A       91%         4
 Summon Lightning Spire   Summ/Air       2%         N/A       91%         4
 Summon Forest            Summ/Tloc      4%         N/A       94%         5
 Eringya's Noxious Bog    Tmut/Pois      1%         4d6       100%        6
 Summon Hydra             Summ           1%         N/A       100%        7
 Dragon's Call            Summ           1%         N/A       100%        9


Dungeon Overview and Level Annotations

Branches:
Dungeon (7/15) Zot: 490    Temple (1/1) D:6 Zot: 563

Altars:
Ashenzari
Cheibriados
Dithmenos
Elyvilon
Fedhas
Gozag
Hepliaklqana
Kikubaaqudgha
Nemelex Xobeh
Okawaru
Qazlal
Ru
Sif Muna
Trog
Uskayaw
Vehumet
Wu Jian
Xom
Zin

Shops:
D:4 (


Innate Abilities, Weirdness & Mutations

You passively map the area around you.
You are easily found by Zot.
You glow in the dark.
You regain HP and MP as you explore.


Message History

The electric eel shoots out a bolt of lightning at you!
The bolt of electricity hits you. The orc warrior misses you.
The electric eel shoots out a bolt of lightning at you!
The bolt of electricity hits you! The orc warrior closely misses you.
Things that are here:
a +0 dagger; 2 boomerangs You barely miss the orc warrior.
The electric eel shoots out a bolt of lightning at you!
The bolt of electricity hits you! The orc warrior barely misses you.
You closely miss the orc warrior.
The orc warrior hits you with a +0 halberd.
You sock the orc warrior!
The orc warrior is heavily wounded.
The electric eel shoots out a bolt of lightning at you!
The bolt of electricity hits you.
The orc warrior hits you with a +0 halberd!
You barely miss the orc warrior.
The orc warrior is heavily wounded.
You hear the faint creaking of a portcullis very nearby.
The orc warrior hits you but does no damage.
Casting: Scorch (safe; 8% risk of failure)
Confirm with . or Enter, or press ? or * to list all spells.
Flames lash the orc warrior but do no damage.
The orc warrior hits you but does no damage.
You rampage towards the orc warrior!
You closely miss the orc warrior.
The orc warrior is heavily wounded.
The electric eel shoots out a bolt of lightning at you!
The bolt of electricity hits you!
* * * LOW HITPOINT WARNING * * *
The orc warrior misses you.
You hit the orc warrior but do no damage.
The orc warrior is heavily wounded.
The orc warrior hits you but does no damage.
You sock the orc warrior! You drain the orc warrior.
The orc warrior is almost dead.
The electric eel shoots out a bolt of lightning at you!
The bolt of electricity hits you!
* * * LOW HITPOINT WARNING * * *
The orc warrior hits you with a +0 halberd!
You die...

####.##.#.####.*,,,,,,,.
####.##.#.####.>,,,,,,,.
####......#####*,,,,,,,.
#######.#######****,***.
#######.#######****,**,.
###≈≈≈≈.≈≈≈≈#..,,,*,**,*
###≈##≈.S##≈.o.,,,*,**,,
###≈###'###≈#..,,,,,,,,,
###≈≈#o@.#≈≈#..,,,*****,
###≈≈#.).#≈≈#..,,,* *,
###≈≈#./.#≈≈###********,
*~*#####*~**,,,,,,,**,
*~**~~~**~**,*****,**,
*~~~~~~~~~,,,**,,,,,,,
****,****,,,,,,,*,,,,*
*,* *,,,,,,,,,,,,*
*,****,,,*,~~~~~,,*


You could see an orc warrior (drained) and an electric eel.

Vanquished Creatures
  Maggie (D:6)
  Prince Ribbit (D:6)
  A hornet (D:5)
  Duvessa (D:4)
  A sky beast (D:7)
  A black bear (D:6)
  An ogre (D:5)
  2 ice beasts
  2 centaurs
  2 phantoms (D:6)
  Blork the orc (D:5)
  A bullfrog (D:6)
  2 scorpions
  Dowan (D:4)
  A howler monkey (D:5)
  A jelly (D:4)
  A hound (D:6)
  Crazy Yiuf (D:6)
  4 iguanas
  2 sleepcaps (D:6)
  3 orc wizards
  4 gnolls (D:2)
  5 adders
  A worm (D:3)
  4 dart slugs
  20 orcs
  4 ball pythons
  8 endoplasms
  3 hobgoblins
  5 jackals
  4 quokkas
  5 bats
  3 goblins
  4 kobolds
  5 rats
106 creatures vanquished.

Vanquished Creatures (others)
  An orc wizard (D:5)
  43 foxfires
44 creatures vanquished.

Grand Total: 150 creatures vanquished

Notes
Turn   | Place    | Note
-------+----------+-------------------------------------------
     0 | D:1      | bobarctor the Meteoran Cinder Acolyte began the quest for
                  | the Orb.
     0 | D:1      | Reached XP level 1. HP: 19/19 MP: 3/3
   110 | D:1      | Reached XP level 2. HP: 17/26 MP: 5/5
   113 | D:1      | Learned a level 2 spell: Scorch
   494 | D:1      | Glimpsed the power of Zot.
   552 | D:2      | Reached XP level 3. HP: 31/31 MP: 6/6
  1091 | D:2      | Glimpsed the power of Zot.
  1117 | D:3      | Got Divat's Handbook of the Overcast Comitatus
  1149 | D:3      | Reached XP level 4. HP: 22/40 MP: 0/8
  1175 | D:3      | Identified the +0 ring mail "Atai" {Harm Str+2}
  1228 | D:3      | Identified the +6 war axe of Focus {antimagic, rN+++ Str+3
                  | Int+3 Dex-3}
  1301 | D:3      | Found a blossoming altar of Fedhas.
  1419 | D:3      | Identified the +5 scale mail of Raezaxas {rC++ rN++}
  1513 | D:2      | Reached skill level 5 in Maces & Flails
  1513 | D:2      | Reached skill level 1 in Dodging
  1513 | D:2      | Reached XP level 5. HP: 32/46 MP: 7/10
  1682 | D:2      | Glimpsed the power of Zot.
  1732 | D:2      | Glimpsed the power of Zot.
  1840 | D:4      | Reached skill level 6 in Maces & Flails
  1840 | D:4      | Reached XP level 6. HP: 35/52 MP: 11/11
  2048 | D:4      | Found Ideixoynn's Antique Weapon Shoppe.
  2082 | D:4      | Learned a level 3 spell: Teleport Other
  2276 | D:4      | Noticed Duvessa
  2276 | D:4      | Glimpsed the power of Zot.
  2276 | D:4      | Noticed Dowan
  2291 | D:4      | Killed Duvessa
  2292 | D:4      | Reached skill level 7 in Maces & Flails
  2292 | D:4      | Reached skill level 1 in Armour
  2292 | D:4      | Reached skill level 1 in Translocations
  2292 | D:4      | Reached XP level 7. HP: 56/60 MP: 6/12
  2300 | D:4      | Killed Dowan
  2325 | D:4      | Glimpsed the power of Zot.
  2351 | D:5      | Entered Level 5 of the Dungeon
  2619 | D:5      | Noticed a hornet
  2626 | D:5      | Killed a hornet
  2627 | D:5      | Reached skill level 5 in Fighting
  2627 | D:5      | Reached skill level 8 in Maces & Flails
  2627 | D:5      | Reached XP level 8. HP: 53/68 MP: 11/13
  2772 | D:5      | Found a faded altar of an unknown god.
  2772 | D:5      | Found a faded altar of an unknown god.
  2774 | D:5      | Found a hazy altar of Hepliaklqana.
  2874 | D:5      | Glimpsed the power of Zot.
  2875 | D:5      | Noticed Blork the orc
  2880 | D:5      | Killed Blork the orc
  2881 | D:5      | Reached skill level 9 in Maces & Flails
  2924 | D:5      | Glimpsed the power of Zot.
  2964 | D:5      | Glimpsed the power of Zot.
  2968 | D:6      | Noticed Maggie
  2989 | D:6      | Killed Maggie
  2990 | D:6      | Reached skill level 10 in Maces & Flails
  2990 | D:6      | Gained mutation: You passively map the area around you.
                  | [Meteoran growth]
  2990 | D:6      | Reached XP level 9. HP: 28/75 MP: 8/14
  3088 | D:6      | Found a runed translucent door.
  3089 | D:6      | Noticed Crazy Yiuf
  3093 | D:6      | Killed Crazy Yiuf
  3238 | D:6      | Reached skill level 11 in Maces & Flails
  3279 | D:6      | Found a staircase to the Ecumenical Temple.
  3294 | Temple   | Entered the Ecumenical Temple
  3298 | Temple   | Learned a level 2 spell: Lesser Beckoning
  3420 | D:6      | Noticed Prince Ribbit
  3432 | D:6      | Killed Prince Ribbit
  3517 | D:6      | Glimpsed the power of Zot.
  3567 | D:6      | Glimpsed the power of Zot.
  3574 | D:7      | Identified a scroll of acquirement
  3574 | D:7      | Acquired a +2 pair of boots of rampaging
  3619 | D:7      | Reached skill level 12 in Maces & Flails
  3619 | D:7      | Reached XP level 10. HP: 84/84 MP: 13/15
  3733 | D:7      | Slain by an orc warrior

Illustrated notes

Levels and vault maps discovered:
D:1:      dpeg_arrival_oval, layout_loops_corners
D:2:      layout_basic, chequers_mini_garden
D:3:      layout_rooms, marbit_many_paths, minmay_misc_feat_square
D:4:      layout_basic, serial_shops, nicolae_shop_real_fake_doors, shop,
          kennysheep_big_empty_room, chequers_serial_rivers_small_3,
          nicolae_shop_firing_range, uniq_duvessa
D:5:      layout_basic, nicolae_hepliaklqana_ecumenical_no_more,
          mainiacjoe_overflow_alcove_1, kennysheep_mini_moat, uniq_pikel,
          uniq_blork_the_orc
D:6:      layout_loops_ring, temple_pool_b, uniq_prince_ribbit1, uniq_maggie,
          uniq_crazy_yiuf_cottage
D:7:      layout_loops_cross, enter_bailey_5, lightli_minifort, uniq_menkaure
Temple:   bh_familiar_temple

Skill      XL: |  1  2  3  4  5  6  7  8  9 |
---------------+----------------------------+-----
Fire Magic     | 4 |  4.0
Spellcasting   | 2 3 |  3.0
Fighting       | 4 5 6 |  6.7
Maces & Flails | 5 6 7 8 10 12 | 12.3
Dodging        | 1 2 3 4 |  4.3
Armour         | 1 2 3 |  3.3
Translocations | 1 2 3 4 |  4.3

Action                     |  1- 3 |  4- 6 |  7- 9 | 10-12 || total
---------------------------+-------+-------+-------+-------++-------
  Melee: Mace              |    61 |    93 |    12 |       ||   166
         Punch             |     1 |     2 |     1 |       ||     4
         Flail             |       |       |   103 |    18 ||   121
   Cast: Scorch            |    11 |    13 |    11 |     1 ||    36
 Invoke: Fiery Armour      |       |     3 |     4 |       ||     7
         Foxfire Swarm     |       |     3 |     1 |       ||     4
    Use: Scroll            |       |       |     2 |     2 ||     4
 Armour: Robe              |    22 |    20 |       |       ||    42
         Ring mail         |       |    14 |    31 |       ||    45
         Scale mail        |       |       |    24 |    17 ||    41
  Dodge: Dodged            |    50 |    54 |    57 |    21 ||   182

Table legend: (Time is in decaauts)
 A = Elapsed time spent in this place.
 B = Non-inter-level travel time spent in this place.
 C = Inter-level travel time spent in this place.
 D = Time resting spent in this place.
 E = Time spent auto-exploring this place.
 F = Levels seen in this place.
 G = Mean time per level.
                   A        B        C        D        E       F      G
               +--------+--------+--------+--------+--------+-----+--------+
         Total |   3745 |   3571 |    174 |    116 |   2290 |   8 |  468.1 |
       Dungeon |   3708 |   3561 |    147 |    116 |   2290 |   7 |  529.7 |
        Temple |     36 |      9 |     27 |      0 |      0 |   1 |   36.0 |
               +--------+--------+--------+--------+--------+-----+--------+

Top non-repeatable levels by time:
     D:1: 988 daAuts
     D:5: 649 daAuts
     D:4: 598 daAuts
     D:6: 530 daAuts
     D:2: 403 daAuts
     D:3: 385 daAuts
     D:7: 153 daAuts
  Temple: 36 daAuts
